| TOP OF THE 1ST |
|
Lowell Spinners batting - Pitching for Idaho Falls Chukars : RHP Mike Valdez
|
|
Pitching: RHP Mike Valdez
|
|
|
Batting: RHB Matt Parker
|
0-0: Called Strike 0-1: Ball 1-1: Ball 2-1: Ball 3-1: Called Strike 3-2: Strikes out swinging
|
|
Batting: RHB Curt Stallings
|
0-0: Swinging Strike 0-1: Ball 1-1: Called Strike 1-2: Foul Ball, location: 2F 1-2: Strikes out swinging
|
|
Batting: RHB Xavier Joslin
|
0-0: Ball 1-0: Ball 2-0: Called Strike 2-1: Swinging Strike 2-2: Ball 3-2: SINGLE (Groundball, 4MD, EV 94.4 MPH)
|
|
Pitching: RHP Reginald Larnach
|
|
|
Batting: RHB Guillermo Quintero
|
0-0: SINGLE (Flyball, 34D, EV 87.5 MPH) Xavier Joslin to second Runner from 2nd tries for 3rd, SAFE, throw by RF made to third
|
|
Batting: RHB Raul Sanchez
|
0-0: Ball Passed Ball! Xavier Joslin scores Guillermo Quintero to second 1-0: Ball 2-0: Called Strike 2-1: Ball 3-1: Fly out, F9 (Line Drive, 9, EV 93.1 MPH)
|
| Top of the 1st over - 1 run, 2 hits, 0 errors, 1 left on base; Lowell 1 - Idaho Falls 0 |
| BOTTOM OF THE 1ST |
|
Idaho Falls Chukars batting - Pitching for Lowell Spinners : RHP Seb Lightfoot
|
|
Pitching: RHP Seb Lightfoot
|
|
|
Batting: LHB Edgar Ortiz
|
0-0: Called Strike 0-1: Foul Ball, location: 2F 0-2: Ball 1-2: Ball 2-2: Strikes out looking
|
|
Batting: RHB Jesus Malave
|
0-0: Called Strike 0-1: Ball 1-1: Fly out, F3 (Flyball, 3D, EV 93.8 MPH)
|
|
Batting: RHB Phil Hamby
|
0-0: Swinging Strike 0-1: Ball 1-1: SINGLE (Line Drive, 8LS, EV 104.4 MPH)
|
|
Batting: RHB William Lung
|
0-0: Ball 1-0: Ball 2-0: Fielders Choice at 2nd, 6-4 (Groundball, 6, EV 85.6 MPH)
|
| Bottom of the 1st over - 0 runs, 1 hit, 0 errors, 1 left on base; Lowell 1 - Idaho Falls 0 |
| TOP OF THE 2ND |
|
Lowell Spinners batting - Pitching for Idaho Falls Chukars : RHP Reginald Larnach
|
|
Batting: RHB Mario Arriero
|
0-0: Ball 1-0: Called Strike 1-1: Called Strike 1-2: Ground out 6-3 (Groundball, 6, EV 101.9 MPH)
|
|
Batting: RHB Jose Molina
|
0-0: Ball 1-0: Ball 2-0: Swinging Strike 2-1: Foul Ball, location: 2F 2-2: Ball 3-2: Foul Ball, location: 2F 3-2: Strikes out swinging
|
|
Batting: RHB Rogelio Cervantes
|
0-0: Swinging Strike 0-1: Ball 1-1: Ball 2-1: Foul Ball, location: 2F 2-2: Ground out 5-3 (Groundball, 5, EV 83.8 MPH)
|
| Top of the 2nd over - 0 runs, 0 hits, 0 errors, 0 left on base; Lowell 1 - Idaho Falls 0 |
| BOTTOM OF THE 2ND |
|
Idaho Falls Chukars batting - Pitching for Lowell Spinners : RHP Seb Lightfoot
|
|
Batting: RHB Pat McCoy
|
0-0: Ball 1-0: Called Strike 1-1: SINGLE (Line Drive, 78S, EV 102.5 MPH)
|
|
Batting: RHB Chang-keun Baik
|
0-0: SINGLE (Line Drive, 7S, EV 106.2 MPH) Pat McCoy to second
|
|
Batting: LHB Mike Bhatti
|
0-0: SINGLE (Groundball, 34D, EV 97.5 MPH) Pat McCoy to third Chang-keun Baik to second Runner from 3rd tries for Home, SAFE, throw by RF to home
|
|
Batting: RHB Ian Hornsby
|
0-0: Called Strike 0-1: Foul Ball, location: 2F 0-2: Foul Ball, location: 2F 0-2: Ball 1-2: Strikes out swinging
|
|
Batting: RHB Gabe Ochoa
|
0-0: Fielders Choice at 2nd, 6-4 (Groundball, 6, EV 80.0 MPH) Chang-keun Baik to third
|
|
Batting: LHB Edgar Ortiz
|
0-0: Foul Ball, location: 2F 0-1: Foul Ball, location: 2F 0-2: Foul Ball, location: 2F 0-2: Foul Ball, location: 2F 0-2: Ball 1-2: Ball 2-2: Ball 3-2: Foul Ball, location: 2F 3-2: Foul Ball, location: 2F 3-2: SINGLE (Groundball, 4MD, EV 104.4 MPH) Chang-keun Baik scores Gabe Ochoa to second Gabe Ochoa to third
|
|
Batting: RHB Jesus Malave
|
0-0: Ball 1-0: Foul Ball, location: 2F 1-1: Ball 2-1: Ball 3-1: Ground out 4-3 (Groundball, 4, EV 88.8 MPH)
|
| Bottom of the 2nd over - 2 runs, 4 hits, 0 errors, 2 left on base; Lowell 1 - Idaho Falls 2 |
| TOP OF THE 3RD |
|
Lowell Spinners batting - Pitching for Idaho Falls Chukars : RHP Reginald Larnach
|
|
Batting: RHB Willie Camacho
|
0-0: Ball 1-0: SOLO HOME RUN (Flyball, 8RXD, EV 115.6 MPH), Distance : 429 ft
|
|
Batting: RHB Matt Parker
|
0-0: Called Strike 0-1: Swinging Strike 0-2: Ball 1-2: Ball 2-2: Fly out, F9 (Flyball, 9, EV 90.0 MPH)
|
|
Batting: RHB Curt Stallings
|
0-0: Foul Ball, location: 2F 0-1: Foul Ball, location: 2F 0-2: Ball 1-2: Hit by Pitch
|
|
Batting: RHB Xavier Joslin
|
0-0: Ball 1-0: Called Strike 1-1: Swinging Strike 1-2: Foul Ball, location: 2F 1-2: Strikes out swinging
|
|
Batting: RHB Guillermo Quintero
|
0-0: Ball Curt Stallings steals 2nd base (no throw) 1-0: Ball 2-0: Ball 3-0: Called Strike 3-1: Ground out 5-3 (Groundball, 5S, EV 63.1 MPH)
|
| Top of the 3rd over - 1 run, 1 hit, 0 errors, 1 left on base; Lowell 2 - Idaho Falls 2 |
| BOTTOM OF THE 3RD |
|
Idaho Falls Chukars batting - Pitching for Lowell Spinners : RHP Seb Lightfoot
|
|
Batting: RHB Phil Hamby
|
0-0: Fly out, F8 (Flyball, 8LD, EV 101.9 MPH)
|
|
Batting: RHB William Lung
|
0-0: Ball 1-0: Foul Ball, location: 2F 1-1: Ground out 4-3 (Groundball, 4M, EV 101.9 MPH)
|
|
Batting: RHB Pat McCoy
|
0-0: SINGLE (Groundball, 6MD, EV 105.6 MPH)
|
|
Batting: RHB Chang-keun Baik
|
0-0: Ball 1-0: Called Strike 1-1: SINGLE (Groundball, 25, EV 70.6 MPH) (infield hit) Pat McCoy to second
|
|
Batting: LHB Mike Bhatti
|
0-0: Called Strike 0-1: Ball 1-1: Ball 2-1: Ground out 6-3 (Groundball, P, EV 84.4 MPH)
|
| Bottom of the 3rd over - 0 runs, 2 hits, 0 errors, 2 left on base; Lowell 2 - Idaho Falls 2 |
| TOP OF THE 4TH |
|
Lowell Spinners batting - Pitching for Idaho Falls Chukars : RHP Reginald Larnach
|
|
Batting: RHB Raul Sanchez
|
0-0: Foul Ball, location: 2F 0-1: Ball 1-1: Ball 2-1: Ball 3-1: Base on Balls
|
|
Pitching: RHP Dusty DuPont
|
|
|
Batting: RHB Mario Arriero
|
0-0: Ball 1-0: Swinging Strike 1-1: Swinging Strike 1-2: Ball 2-2: Strikes out swinging
|
|
Batting: RHB Jose Molina
|
0-0: Foul Ball, location: 2F 0-1: Ball 1-1: Ball 2-1: DOUBLE (Line Drive, 9LD, EV 115.0 MPH) Raul Sanchez to third
|
|
Batting: RHB Rogelio Cervantes
|
0-0: Foul Ball, location: 2F 0-1: Ball Wild Pitch! Raul Sanchez scores Jose Molina to third 1-1: Ball 2-1: Foul Ball, location: 2F 2-2: Strikes out swinging
|
|
Batting: RHB Willie Camacho
|
0-0: Foul Ball, location: 2F 0-1: Swinging Strike 0-2: Strikes out swinging
|
| Top of the 4th over - 1 run, 1 hit, 0 errors, 1 left on base; Lowell 3 - Idaho Falls 2 |
| BOTTOM OF THE 4TH |
|
Idaho Falls Chukars batting - Pitching for Lowell Spinners : RHP Seb Lightfoot
|
|
Batting: RHB Ian Hornsby
|
0-0: Ball 1-0: SINGLE (Groundball, 56D, EV 104.4 MPH)
|
|
Batting: RHB Gabe Ochoa
|
0-0: Called Strike 0-1: Ball 1-1: Grounds into double play, 4-6-3 (Groundball, 4, EV 104.4 MPH)
|
|
Batting: LHB Edgar Ortiz
|
0-0: Foul Ball, location: 2F 0-1: Called Strike 0-2: Ball 1-2: Ball 2-2: Ball 3-2: Base on Balls
|
|
Batting: RHB Jesus Malave
|
0-0: Called Strike Edgar Ortiz steals 2nd base 0-1: Ground out 6-3 (Groundball, 6S, EV 67.5 MPH)
|
| Bottom of the 4th over - 0 runs, 1 hit, 0 errors, 1 left on base; Lowell 3 - Idaho Falls 2 |
| TOP OF THE 5TH |
|
Lowell Spinners batting - Pitching for Idaho Falls Chukars : RHP Dusty DuPont
|
|
Pitching: LHP Dustin Waller
|
|
|
Batting: RHB Matt Parker
|
0-0: Foul Ball, location: 2F 0-1: Ground out 5-3 (Groundball, 25, EV 79.4 MPH)
|
|
Batting: RHB Curt Stallings
|
0-0: Ball 1-0: Foul Ball, location: 2F 1-1: Ground out 4-3 (Groundball, 13, EV 81.9 MPH)
|
|
Batting: RHB Xavier Joslin
|
0-0: Called Strike 0-1: Ball 1-1: Foul Ball, location: 2F 1-2: Fly out, F7 (Flyball, 7LS, EV 94.4 MPH)
|
| Top of the 5th over - 0 runs, 0 hits, 0 errors, 0 left on base; Lowell 3 - Idaho Falls 2 |
| BOTTOM OF THE 5TH |
|
Idaho Falls Chukars batting - Pitching for Lowell Spinners : RHP Seb Lightfoot
|
|
Batting: RHB Phil Hamby
|
0-0: Foul Ball, location: 2F 0-1: Called Strike 0-2: SINGLE (Groundball, 56D, EV 105.6 MPH)
|
|
Batting: RHB William Lung
|
0-0: Foul Ball, location: 2F 0-1: Ball Passed Ball! Phil Hamby to second 1-1: Ball 2-1: Ball 3-1: Fly out, F4 (Line Drive, 4, EV 71.9 MPH)
|
|
Batting: RHB Pat McCoy
|
0-0: Ball 1-0: Ball 2-0: Ball Wild Pitch! Phil Hamby to third 3-0: Ground out 1-3 (Groundball, 15S, EV 65.0 MPH)
|
|
Batting: RHB Chang-keun Baik
|
0-0: Ball 1-0: Ball 2-0: Called Strike 2-1: Foul Ball, location: 2F 2-2: Ball 3-2: Ground out U3 (Groundball, 23, EV 89.4 MPH)
|
| Bottom of the 5th over - 0 runs, 1 hit, 0 errors, 1 left on base; Lowell 3 - Idaho Falls 2 |
| TOP OF THE 6TH |
|
Lowell Spinners batting - Pitching for Idaho Falls Chukars : LHP Dustin Waller
|
|
Batting: RHB Guillermo Quintero
|
0-0: Called Strike 0-1: Ball 1-1: Foul Ball, location: 2F 1-2: Fly out, F3 (Popup, 34, EV 51.2 MPH)
|
|
Batting: RHB Raul Sanchez
|
0-0: Ball 1-0: Ball 2-0: Called Strike 2-1: Swinging Strike 2-2: Ball 3-2: Strikes out swinging
|
|
Batting: RHB Mario Arriero
|
0-0: Called Strike 0-1: Ball 1-1: Ball 2-1: Ball 3-1: Base on Balls
|
|
Batting: RHB Jose Molina
|
0-0: Ball 1-0: Ball 2-0: Ball 3-0: Base on Balls Mario Arriero to second
|
|
Pinch Runner at 2nd Nelis Geurts:
|
|
|
Batting: RHB Rogelio Cervantes
|
0-0: Ball Wild Pitch! Nelis Geurts to third Jose Molina to second 1-0: Foul Ball, location: 2F 1-1: Foul Ball, location: 2F 1-2: Foul Ball, location: 2F 1-2: Strikes out swinging
|
| Top of the 6th over - 0 runs, 0 hits, 0 errors, 2 left on base; Lowell 3 - Idaho Falls 2 |
| BOTTOM OF THE 6TH |
|
Idaho Falls Chukars batting - Pitching for Lowell Spinners : RHP Seb Lightfoot
|
|
Now in CF: Aukukero Tairi
|
|
|
Batting: LHB Mike Bhatti
|
0-0: Ball 1-0: Ball 2-0: Ball 3-0: Called Strike 3-1: Base on Balls
|
|
Pitching: RHP Mike Robertson
|
|
|
Batting: RHB Ian Hornsby
|
0-0: Called Strike 0-1: Foul Ball, location: 2F 0-2: Ball 1-2: SINGLE (Groundball, 6M, EV 108.1 MPH) (infield hit) Mike Bhatti to second
|
|
Batting: RHB Gabe Ochoa
|
0-0: Fielders Choice at 2nd, 2-4 (Groundball, 15S, EV 66.9 MPH) Mike Bhatti to third
|
|
Batting: LHB Edgar Ortiz
|
0-0: Called Strike 0-1: Called Strike 0-2: Ball Wild Pitch! Mike Bhatti scores Gabe Ochoa to second 1-2: Foul Ball, location: 2F 1-2: Strikes out swinging
|
|
Batting: RHB Jesus Malave
|
0-0: Foul Ball, location: 2F 0-1: Ball 1-1: Swinging Strike 1-2: Foul Ball, location: 2F 1-2: Foul Ball, location: 2F 1-2: Foul Ball, location: 2F 1-2: Strikes out swinging
|
| Bottom of the 6th over - 1 run, 1 hit, 0 errors, 1 left on base; Lowell 3 - Idaho Falls 3 |
| TOP OF THE 7TH |
|
Lowell Spinners batting - Pitching for Idaho Falls Chukars : LHP Dustin Waller
|
|
Batting: RHB Willie Camacho
|
0-0: Called Strike 0-1: Called Strike 0-2: Strikes out swinging
|
|
Batting: RHB Matt Parker
|
0-0: Ball 1-0: SINGLE (Groundball, 56D, EV 99.4 MPH)
|
|
Pitching: RHP Ryan Crump
|
|
|
Pinch Hitting: SHB Salvador Padilla
|
0-0: Called Strike 0-1: Swinging Strike Passed Ball! Matt Parker to second 0-2: Ball Passed Ball! Matt Parker to third 1-2: Ball 2-2: Strikes out swinging
|
|
Batting: RHB Xavier Joslin
|
0-0: Called Strike 0-1: Foul Ball, location: 2F 0-2: Foul Ball, location: 2F 0-2: Ball 1-2: Foul Ball, location: 2F 1-2: Fly out, F7 (Flyball, 7, EV 81.2 MPH)
|
| Top of the 7th over - 0 runs, 1 hit, 0 errors, 1 left on base; Lowell 3 - Idaho Falls 3 |
| BOTTOM OF THE 7TH |
|
Idaho Falls Chukars batting - Pitching for Lowell Spinners : RHP Mike Robertson
|
|
Now in LF: Willie Camacho
|
|
|
Now in RF: Salvador Padilla
|
|
|
Batting: RHB Phil Hamby
|
0-0: Ball 1-0: Swinging Strike 1-1: Foul Ball, location: 2F 1-2: Ball 2-2: Strikes out looking
|
|
Batting: RHB William Lung
|
0-0: Swinging Strike 0-1: Swinging Strike 0-2: Foul Ball, location: 2F 0-2: Foul Ball, location: 2F 0-2: DOUBLE (Line Drive, 7LM, EV 107.5 MPH)
|
|
Batting: RHB Pat McCoy
|
0-0: Ball 1-0: Ball 2-0: Foul Ball, location: 2F 2-1: Ball 3-1: Foul Ball, location: 2F 3-2: Base on Balls
|
|
Batting: RHB Chang-keun Baik
|
0-0: Ball Wild Pitch! William Lung to third Pat McCoy to second 1-0: Ball 2-0: Ball 3-0: Base on Balls
|
|
Pitching: RHP Nherbert Silivan
|
|
|
Batting: LHB Mike Bhatti
|
0-0: Swinging Strike 0-1: Swinging Strike 0-2: Strikes out swinging
|
|
Batting: RHB Ian Hornsby
|
0-0: Ball 1-0: Fielders Choice at 2nd, 6-4 (Groundball, 6, EV 85.6 MPH)
|
| Bottom of the 7th over - 0 runs, 1 hit, 0 errors, 3 left on base; Lowell 3 - Idaho Falls 3 |
| TOP OF THE 8TH |
|
Lowell Spinners batting - Pitching for Idaho Falls Chukars : RHP Ryan Crump
|
|
Batting: RHB Guillermo Quintero
|
0-0: Ball 1-0: Foul Ball, location: 2F 1-1: Ball 2-1: Ground out U3 (Groundball, 34, EV 94.4 MPH)
|
|
Batting: RHB Raul Sanchez
|
0-0: Ball 1-0: Ball 2-0: Foul Ball, location: 2F 2-1: Fly out, F9 (Flyball, 89M, EV 84.4 MPH)
|
|
Batting: RHB Aukukero Tairi
|
0-0: Called Strike 0-1: Ball 1-1: Swinging Strike 1-2: Ball 2-2: Strikes out swinging
|
| Top of the 8th over - 0 runs, 0 hits, 0 errors, 0 left on base; Lowell 3 - Idaho Falls 3 |
| BOTTOM OF THE 8TH |
|
Idaho Falls Chukars batting - Pitching for Lowell Spinners : RHP Nherbert Silivan
|
|
Pinch Hitting: LHB Pablo Serrato
|
0-0: Ball 1-0: Ball 2-0: Foul Ball, location: 2F 2-1: Foul Ball, location: 2F 2-2: Ball 3-2: Ground out 6-3 (Groundball, 6S, EV 71.2 MPH)
|
|
Batting: LHB Edgar Ortiz
|
0-0: Ball 1-0: Swinging Strike 1-1: Ball 2-1: Swinging Strike 2-2: Foul Ball, location: 2F 2-2: Strikes out swinging
|
|
Batting: RHB Jesus Malave
|
0-0: Ball 1-0: Called Strike 1-1: Ball 2-1: SINGLE (Line Drive, 6D, EV 94.4 MPH)
|
|
Batting: RHB Phil Hamby
|
0-0: Ball 1-0: Ball 2-0: Fly out, F4 (Flyball, 34D, EV 90.0 MPH)
|
| Bottom of the 8th over - 0 runs, 1 hit, 0 errors, 1 left on base; Lowell 3 - Idaho Falls 3 |
| TOP OF THE 9TH |
|
Lowell Spinners batting - Pitching for Idaho Falls Chukars : RHP Ryan Crump
|
|
Now at SS: Rafael Tapia
|
|
|
Batting: RHB Jose Molina
|
0-0: Ball 1-0: Ball 2-0: Ball 3-0: Called Strike 3-1: Swinging Strike 3-2: Foul Ball, location: 2F 3-2: Strikes out swinging
|
|
Batting: RHB Rogelio Cervantes
|
0-0: Ground out 5-3 (Groundball, 56S, EV 71.9 MPH)
|
|
Batting: RHB Willie Camacho
|
0-0: Called Strike 0-1: Ball 1-1: Swinging Strike 1-2: Strikes out swinging
|
| Top of the 9th over - 0 runs, 0 hits, 0 errors, 0 left on base; Lowell 3 - Idaho Falls 3 |
| BOTTOM OF THE 9TH |
|
Idaho Falls Chukars batting - Pitching for Lowell Spinners : RHP Nherbert Silivan
|
|
Pitching: RHP Tim Tucker
|
|
|
Batting: RHB William Lung
|
0-0: Called Strike 0-1: Ball 1-1: Swinging Strike 1-2: Strikes out swinging
|
|
Batting: RHB Pat McCoy
|
0-0: DOUBLE (Groundball, 3L, EV 102.5 MPH)
|
|
Batting: RHB Chang-keun Baik
|
0-0: Called Strike 0-1: Foul Ball, location: 2F 0-2: Strikes out swinging
|
|
Batting: LHB Mike Bhatti
|
0-0: Intentional Walk
|
|
Batting: RHB Ian Hornsby
|
0-0: Ball Wild Pitch! Pat McCoy to third Mike Bhatti to second 1-0: Called Strike 1-1: Swinging Strike 1-2: Strikes out looking
|
| Bottom of the 9th over - 0 runs, 1 hit, 0 errors, 2 left on base; Lowell 3 - Idaho Falls 3 |
| TOP OF THE 10TH |
|
Lowell Spinners batting - Pitching for Idaho Falls Chukars : RHP Ryan Crump
|
|
Pitching: RHP Jim Haggart
|
|
|
Batting: RHB Matt Parker
|
0-0: Foul Ball, location: 2F 0-1: Ball 1-1: Foul Ball, location: 2F 1-2: Foul Ball, location: 2F 1-2: Ball 2-2: Ball 3-2: SINGLE (Flyball, 4D, EV 93.1 MPH)
|
|
Batting: SHB Salvador Padilla
|
0-0: Called Strike 0-1: Sac Bunt to 25 - play at first, batter OUT! 5-3 Matt Parker to second
|
|
Batting: RHB Xavier Joslin
|
0-0: Called Strike Matt Parker steals 3rd, throwing error, E2 Matt Parker scores 0-1: DOUBLE (Line Drive, 9LS, EV 106.2 MPH)
|
|
Batting: RHB Guillermo Quintero
|
0-0: Called Strike 0-1: Foul Ball, location: 2F 0-2: Ball 1-2: Ball 2-2: Fly out, F8 (Flyball, 89D, EV 104.4 MPH)
|
|
Batting: RHB Raul Sanchez
|
0-0: Foul Ball, location: 2F 0-1: Ball 1-1: Ball 2-1: Foul Ball, location: 2F 2-2: Foul Ball, location: 2F 2-2: Strikes out swinging
|
| Top of the 10th over - 1 run, 2 hits, 1 error, 1 left on base; Lowell 4 - Idaho Falls 3 |
| BOTTOM OF THE 10TH |
|
Idaho Falls Chukars batting - Pitching for Lowell Spinners : RHP Tim Tucker
|
|
Batting: RHB Rafael Tapia
|
0-0: Called Strike 0-1: Ball 1-1: Ball 2-1: Ball 3-1: Foul Ball, location: 2F 3-2: Base on Balls
|
|
Batting: LHB Edgar Ortiz
|
0-0: Swinging Strike 0-1: Called Strike 0-2: Foul Ball, location: 2F 0-2: Strikes out swinging
|
|
Batting: RHB Jesus Malave
|
0-0: Ball 1-0: Grounds into double play, 4-6-3 (Groundball, 34, EV 101.9 MPH)
|
| Bottom of the 10th over - 0 runs, 0 hits, 0 errors, 0 left on base; Lowell 4 - Idaho Falls 3 |
|